 Seeded DCSS version 0.28.0-62-gf88900778d (webtiles) character file.

Game seed: 20230409 (custom seed)

2908 Ajencis the Chiller (level 9, -5/52 HPs)
             Began as a Gargoyle Ice Elementalist on Apr 9, 2023.
             Was a Follower of Vehumet.
             Slain by Harold
             ... wielding a +0 war axe
              (10 damage)
             ... on level 7 of the Dungeon.
             The game lasted 00:29:55 (8269 turns).

Ajencis the Chiller (Gargoyle Ice Elementalist)     Turns: 8269, Time: 00:29:55

Health: -5/52      AC: 20    Str: 13    XL:     9   Next: 78%
Magic:  11/24      EV: 12    Int: 25    God:    Vehumet [*.....]
Gold:   232        SH:  0    Dex: 10    Spells: 7/17 levels left

rFire   . . .      SeeInvis .   m - +2 flail (protect)
rCold   . . .      Faith    .   (no shield)
rNeg    + . .      Spirit   .   E - +0 acid dragon scales
rPois   ∞          Reflect  .   (no helmet)
rElec   +          Harm     .   (no cloak)
rCorr   +          Rampage  .   (no gloves)
Will    .....                   (no boots)
Stlth   +.........              t - amulet of regeneration
HPRegen 0.97/turn               p - +6 ring of intelligence
MPRegen 0.19/turn               n - ring of magical power

@: marked, under a protective aura, very slightly contaminated
A: sickness immunity, AC +6, negative energy resistance 1, electricity
resistance, torment resistance 1, petrification resistance
a: Renounce Religion


You were on level 7 of the Dungeon.
You worshipped Vehumet.
Vehumet was aware of your devotion.
You visited 2 branches of the dungeon, and saw 8 of its levels.
You also visited: Ossuary.

You collected 232 gold pieces.

Inventory:

Hand Weapons
 m - a +2 flail of protection (weapon)
Armour
 a - a +0 robe
 E - +0 acid dragon scales (worn)
Jewellery
 l - a ring of willpower
 n - a ring of magical power (right hand)
 p - a +6 ring of intelligence (left hand)
 t - an amulet of regeneration (around neck)
Wands
 q - a wand of polymorph (7)
 w - a wand of acid (6)
 C - a wand of flame (9)
 D - a wand of iceblast (6)
Scrolls
 g - a scroll of immolation
 i - a scroll of identify
 j - a scroll of amnesia
 k - 5 scrolls of fog {unknown}
 o - 2 scrolls of noise
 v - 2 scrolls of enchant armour {unknown}
 x - a scroll of teleportation {unknown}
 y - a scroll of holy word {unknown}
Potions
 b - 4 potions of cancellation
 c - 2 potions of resistance {unknown}
 d - 2 potions of flight {unknown}
 e - 3 potions of might {unknown}
 f - 2 potions of brilliance {unknown}
 r - a potion of magic {unknown}
 s - 6 potions of curing {unknown}
 u - a potion of heal wounds {unknown}
 z - a potion of haste {unknown}
 A - 2 potions of invisibility {unknown}
 B - 2 potions of mutation {unknown}


   Skills:
 + Level 4.7 Fighting
 + Level 4.8 Armour
 + Level 4.1 Dodging
 - Level 2.3 Stealth
 + Level 4.5 Spellcasting
 + Level 3.7 Summonings
 * Level 7.7 Ice Magic
 + Level 2.1 Air Magic
 * Level 4.0 Poison Magic


You had 7 spell levels left.
You knew the following spells:

 Your Spells              Type           Power      Damage    Failure   Level
a - Olgreb's Toxic Radia  Pois           26%        N/A       22%         4
b - Frozen Ramparts       Ice            88%        1d10      1%          3
c - Summon Small Mammal   Summ           96%        N/A       2%          1
d - Poisonous Vapours     Pois/Air       42%        N/A       4%          2

Your spell library contained the following spells:

 Spells                   Type           Power      Damage    Failure   Level
 Shock                    Conj/Air       44%        1d5       8%          1
 Freeze                   Ice            100%       1d11      1%          1
 Ozocubu's Armour         Ice            44%        N/A       1%          3
 Sting                    Tmut/Pois      60%        1d6       5%          1
 Call Canine Familiar     Summ           24%        N/A       8%          3
 Magic Dart               Conj           20%        1d4       12%         1
 Slow                     Hex            20%        N/A       12%         1
 Summon Guardian Golem    Hex/Summ       15%        N/A       17%         3
 Searing Ray              Conj           10%        2d4       19%         2
 Hailstorm                Conj/Ice       24%        3d7       26%         4
 Ice Form                 Ice/Tmut       24%        N/A       26%         4
 Confusing Touch          Hex            5%         N/A       36%         3
 Gell's Gravitas          Tloc           5%         N/A       36%         3
 Lesser Beckoning         Tloc           5%         N/A       36%         3
 Teleport Other           Tloc           5%         N/A       36%         3
 Vampiric Draining        Necr           5%         2d6       36%         3
 Metabolic Englaciation   Hex/Ice        12%        N/A       56%         5
 Freezing Cloud           Conj/Ice/Air   11%        6-21      65%         5
 Fulminant Prism          Conj/Hex       2%         3d6       77%         4


Dungeon Overview and Level Annotations

Branches:
Dungeon (7/15)             Temple (1/1) D:4         Ossuary (visited)

Altars:
Cheibriados
Dithmenos
Elyvilon
Fedhas
Gozag
Hepliaklqana
Kikubaaqudgha
Makhleb
Sif Muna
Trog
Vehumet
Wu Jian
Xom
Yredelemnul
Zin
The Shining One
Jiyva

Shops:
D:4 *   D:7 =

Annotations:
D:4 Menkaure
D:7 Harold


Innate Abilities, Weirdness & Mutations

You are immune to sickness and miasma.
Your stone body is resilient. (AC +6)
You are immune to poison.
You resist negative energy. (rN+)
You are resistant to electric shocks. (rElec)
You are resistant to unholy torment.
You are immune to petrification.


Message History

Harold hits you with a +0 war axe!
You sock Harold!
Your weapon exudes an aura of protection.
Harold is moderately wounded.
Harold looks even sicker.
Your toxic aura wanes.
The wall freezes Harold.
Harold hits you with a +0 war axe!
Blink to where?
Press: ? - help, Dir - move target Your frozen ramparts will break if you move.
Continue?
The frozen ramparts melt away as you move.
As you read the scroll of blinking, it crumbles to dust.
Casting: Olgreb's Toxic Radiance (quite dangerous; 22% risk of failure)
Confirm with . or Enter, or press ? or * to list all spells.
The spell is quite dangerous to miscast (22% risk of failure)!
Continue anyway?
You miscast Olgreb's Toxic Radiance.
You are very lightly contaminated with residual magic.
Nothing appears to happen.
Casting: Olgreb's Toxic Radiance (quite dangerous; 22% risk of failure)
Confirm with . or Enter, or press ? or * to list all spells.
The spell is quite dangerous to miscast (22% risk of failure)!
Continue anyway?
You begin to radiate toxic energy.
Harold looks as sick as possible! x2
Harold fires a harpoon shot at you. The harpoon shot misses you.
Harold looks as sick as possible!
Your toxic aura wanes.
Harold casts a spell at you. A sentinel's mark forms upon you.
Harold fires a harpoon shot at you. The harpoon shot hits you.
You are yanked forward by the harpoon shot.
Harold fires a harpoon shot at you. The harpoon shot hits you!
* * * LOW HITPOINT WARNING * * *
You are yanked forward by the harpoon shot.
You hit Harold.
Your weapon exudes an aura of protection.
Harold is severely wounded.
Harold hits you with a +0 war axe!
You die...

###.# .... #.... #...# ..... .
# ##### #..######.#...... .#
#.#.......# ..?#####.#
#.(####.#####$.......#
#[.####...#...##...#.#
#..#......#.....)....######
#..#.##.......)...........#
#..#.##.##...@@.......###.#
#..#.##.##.#.........####.#####
#..#.##.##.....................
#.>.....####.......#.##.#......
#..#.#..# ##...#.##.##.#######
#.......# ##.##.# ##.# #<
##.#.#.##### #.##.# #.#### #.
#.......... ..##.# #....# #.
###)####### #.# ####.###.


You could see Harold (extremely poisoned).

Vanquished Creatures
  Pikel (D:7)
  Maggie (D:7)
  A steam dragon (D:6)
  A sky beast (D:6)
  An ice beast (D:7)
  5 necrophages
  An ogre (D:6)
  2 lemures (D:7)
  2 elf zombies (Ossuary)
  2 bullfrogs
  4 scorpions
  5 wights (D:7)
  A howler monkey (D:4)
  5 centaur zombies
  2 jellies
  An orc priest (D:4)
  2 bullfrog skeletons
  Ijyb (D:4)
  An orc wizard (D:5)
  A killer bee zombie (D:6)
  3 mummies
  6 adders
  A howler monkey skeleton (D:5)
  A white imp (D:6)
  2 ufetubi
  2 worms (D:2)
  2 dart slugs
  10 orcs
  10 endoplasms
  5 giant cockroaches
  9 goblins
  5 hobgoblins
  5 jackals
  2 quokkas
  6 ball pythons
  6 bats
  2 frilled lizards
  17 hobgoblin zombies
  A jackal zombie (Ossuary)
  5 kobolds
  13 kobold zombies
  4 orc zombies (Ossuary)
  2 rats
159 creatures vanquished.

Notes
Turn   | Place    | Note
-------+----------+-------------------------------------------
     0 | D:1      | Ajencis the Gargoyle Ice Elementalist began the quest for
                  | the Orb.
     0 | D:1      | Reached XP level 1. HP: 10/10 MP: 3/3
   455 | D:1      | Reached XP level 2. HP: 15/15 MP: 0/5
  1156 | D:1      | Reached XP level 3. HP: 19/20 MP: 4/6
  1508 | D:2      | Learned a level 3 spell: Frozen Ramparts
  1555 | D:2      | Reached skill level 1 in Armour
  1560 | D:2      | Reached skill level 1 in Fighting
  1877 | D:2      | Got the Volume of Ice
  1882 | D:2      | Learned a level 1 spell: Summon Small Mammal
  2353 | D:2      | Reached XP level 4. HP: 17/25 MP: 5/7
  3274 | D:3      | Found a faded altar of an unknown god.
  3454 | D:3      | Reached XP level 5. HP: 22/29 MP: 8/8
  3906 | D:3      | Reached skill level 1 in Summonings
  4230 | D:4      | Noticed Ijyb
  4248 | D:4      | Killed Ijyb
  4249 | D:4      | Reached skill level 5 in Ice Magic
  4431 | D:4      | Found Gabuuck's Assorted Antiques.
  4453 | D:4      | Reached XP level 6. HP: 35/35 MP: 10/10
  4499 | D:4      | Noticed Menkaure
  4587 | D:4      | Found a staircase to the Ecumenical Temple.
  4593 | Temple   | Entered the Ecumenical Temple
  4996 | D:4      | Noticed a necrophage
  5019 | D:4      | Killed a necrophage
  5020 | D:4      | Reached XP level 7. HP: 39/40 MP: 11/11
  5041 | D:5      | Entered Level 5 of the Dungeon
  5148 | D:5      | Found a sand-covered staircase.
  5161 | Ossuary  | Entered an ossuary
  5410 | Ossuary  | Reached skill level 6 in Ice Magic
  5635 | Ossuary  | Reached XP level 8. HP: 46/46 MP: 13/13
  5748 | D:5      | Found a burning altar of Makhleb.
  5764 | D:5      | Found a radiant altar of Vehumet.
  5847 | D:5      | Became a worshipper of Vehumet
  5879 | D:5      | Learned a level 4 spell: Olgreb's Toxic Radiance
  6642 | D:5      | Learned a level 2 spell: Poisonous Vapours
  6728 | D:6      | Reached skill level 1 in Poison Magic
  6895 | D:6      | Found a shimmering blue altar of Sif Muna.
  7037 | D:6      | Reached skill level 1 in Air Magic
  7317 | D:6      | Reached XP level 9. HP: 52/52 MP: 15/15
  7349 | D:6      | Reached skill level 7 in Ice Magic
  7635 | D:7      | Found a bloodstained altar of Trog.
  7655 | D:7      | Found Bevigur's Jewellery Emporium.
  7675 | D:7      | Noticed Pikel
  7685 | D:7      | Killed Pikel
  7758 | D:7      | Found a hazy altar of Hepliaklqana.
  7846 | D:7      | Noticed Maggie
  7857 | D:7      | Killed Maggie
  8217 | D:7      | Reached * piety under Vehumet
  8217 | D:7      | Offered knowledge of Shock by Vehumet.
  8248 | D:7      | Noticed Harold
  8269 | D:7      | Slain by Harold

Illustrated notes

Levels and vault maps discovered:
D:1:      nagdon_arrival_zigzag_paths, layout_loops_ring, grunt_decor_cap,
          minivault_14, minmay_misc_feat_enclosed
D:2:      layout_loops_ring, grunt_ministairs_5
D:3:      wander_river, layout_loops_cross, ebering_ecumenical_altar_webs,
          minmay_misc_feat_rugged
D:4:      layout_basic, minmay_temple_entry_slanted, serial_shops, shop,
          chequers_serial_rivers_micro_b, uniq_menkaure, uniq_ijyb
D:5:      layout_loops_corners, overflow_temple_1_default,
          mainiacjoe_overflow_alcove_2, chequers_ossuary_entry_cave,
          minmay_mini_ossuary
D:6:      layout_basic, nicolae_overflow_crystal_walls
D:7:      layout_loops_ring, overflow_temple_1_default, lemuel_round_altar,
          serial_shops, shop, uniq_pikel, uniq_harold, uniq_maggie
Temple:   pf_slime_end_temple

Skill      XL: |  1  2  3  4  5  6  7  8  9 |
---------------+----------------------------+-----
Armour         | 1 2 3 4 |  4.8
Fighting       | 1 2 3 4 |  4.7
Dodging        | 2 3 4 |  4.1
Summonings     | 1 2 3 |  3.7
Ice Magic      | 5 6 7 |  7.7
Spellcasting   | 3 4 |  4.5
Poison Magic   | 2 4 |  4.0
Air Magic      | 1 2 |  2.1
Stealth        | |  2.3

Action                   |  1- 3 |  4- 6 |  7- 9 || total
-------------------------+-------+-------+-------++-------
Melee: Unarmed           |    19 |     4 |       ||    23
       Spear             |    63 |    26 |       ||    89
       Punch             |     1 |     1 |     2 ||     4
       Flail             |       |    88 |   308 ||   396
 Cast: Freeze            |    42 |    31 |       ||    73
       Frozen Ramparts   |       |     6 |    30 ||    36
       Poisonous Vapours |       |       |    11 ||    11
       Olgreb's Toxic Ra |       |       |     3 ||     3
       Summon Small Mamm |       |       |     2 ||     2
Evoke: Wand              |       |       |     3 ||     3
  Use: Scroll            |       |     8 |     2 ||    10
 Stab: Sleeping          |     9 |     5 |     2 ||    16
Armor: Robe              |    33 |    58 |   200 ||   291
       Acid dragon scale |       |       |    21 ||    21
Dodge: Dodged            |    67 |   109 |   283 ||   459
